 Dungeon Crawl Stone Soup version 0.31-a0-200-gbc41564c69 (webtiles) character file.

Game seed: 382872387612754686

5 qw the Shooter (level 1, 0/12 HPs)
             Began as a Deep Elf Hunter on June 25, 2023.
             Slain by a frilled lizard (2 damage)
             ... on level 1 of the Dungeon.
             The game lasted 00:00:02 (36 turns).

qw the Shooter (Deep Elf Hunter)                      Turns: 36, Time: 00:00:03

Health: 0/12       AC:  3    Str:  8    XL:     1   Next: 66%
Magic:  3/3        EV: 12    Int: 13    God:
Gold:   16         SH:  0    Dex: 18    Spells: 0/0 levels left

rFire   . . .        a - +0 shortbow
rCold   . . .        (shield currently unavailable)
rNeg    . . .        c - +0 leather armour
rPois   .            (no helmet)
rElec   .            (no cloak)
rCorr   .            (no gloves)
SInv    .            (no boots)
Will    .....        (no amulet)
Stlth   ++           (no ring)
HPRegen 0.22/turn    (no ring)
MPRegen 0.08/turn

%: no passive effects
@: no status effects
A: no striking features
a: no special abilities


You were on level 1 of the Dungeon.
You visited 1 branch of the dungeon, and saw 1 of its levels.

You collected 16 gold pieces.


   Skills:
 - Level 1.5 Fighting
 + Level 5.7 Ranged Weapons
 - Level 2.4 Dodging
 - Level 1.2 Stealth


You couldn't memorise any spells.
You didn't know any spells.
Your spell library was empty.

Inventory:

Hand Weapons
 a - a +0 shortbow (weapon)
Armour
 c - a +0 leather armour (worn)
Scrolls
 b - a scroll of butterflies
 d - a scroll of revelation {unknown}

Dungeon Overview and Level Annotations

Branches:
Dungeon (1/15)

Altars:


Message History

The frilled lizard bites you but does no damage.
You shoot an arrow. The arrow barely misses the quokka.
The quokka closely misses you. The frilled lizard misses you.
The quokka bites you.
You shoot an arrow. The arrow hits the quokka.
The quokka is almost dead.
The frilled lizard barely misses you. The frilled lizard closely misses you.
The quokka closely misses you.
The frilled lizard barely misses you. x2
The frilled lizard completely misses you.
You shoot an arrow. The arrow hits the quokka.
You kill the quokka!
The frilled lizard closely misses you. x2; The frilled lizard barely misses you.
You shoot an arrow. The arrow hits the frilled lizard.
You kill the frilled lizard!
The frilled lizard closely misses you.
The frilled lizard bites you but does no damage. x2
You shoot an arrow. The arrow misses the frilled lizard.
The frilled lizard barely misses you.
The frilled lizard bites you but does no damage.
The frilled lizard bites you.
You shoot an arrow. The arrow misses the frilled lizard.
The frilled lizard bites you. The frilled lizard closely misses you.
The frilled lizard misses you.
You shoot an arrow.
The arrow closely misses the frilled lizard.
The frilled lizard closely misses you. The frilled lizard bites you.
The frilled lizard closely misses you.
You shoot an arrow. The arrow hits the frilled lizard.
The frilled lizard is heavily wounded.
The frilled lizard barely misses you. The frilled lizard closely misses you.
The frilled lizard bites you but does no damage.
You shoot an arrow. The arrow hits the frilled lizard.
You kill the frilled lizard!
The frilled lizard closely misses you.
The frilled lizard bites you but does no damage. x2
The frilled lizard bites you.
You shoot an arrow. The arrow hits the frilled lizard.
You kill the frilled lizard!
The frilled lizard bites you.
You die...

~~ #. ## ~~.#.
..!
~~.#.#######...#
~..%.)....[....
..%............
.........=..
#%l%...... .
#.@#.. .# ..
#.##8###8##...
#..#........
#..#.....#..
#..#..<..#
#.#..#.....#
#..........#
#.#.##8###8#
#...##... .#


You could see a frilled lizard.

Vanquished Creatures
  A quokka (D:1)
  7 frilled lizards (D:1)
8 creatures vanquished.

Notes
Turn   | Place    | Note
-------+----------+-------------------------------------------
     0 | D:1      | qw the Deep Elf Hunter began the quest for the Orb.
     0 | D:1      | Reached XP level 1. HP: 12/12 MP: 3/3
     0 | D:1      | 0 ||| qw: Version: 0.3-a-22-g0ed2b0b
     0 | D:1      | 0 ||| qw: Game counter: 5536
     0 | D:1      | 0 ||| qw: Melee chars always use a shield: true
     0 | D:1      | 0 ||| qw: God list: Okawaru
     0 | D:1      | 0 ||| qw: Allow faded altars: false
     0 | D:1      | 0 ||| qw: Do Orc after clearing Dungeon:15 true
     0 | D:1      | 0 ||| qw: Do second Lair branch before Depths: true
     0 | D:1      | 0 ||| qw: Lair rune preference: random
     0 | D:1      | 0 ||| qw: Goals: Normal
     0 | D:1      | 0 ||| PLANNING D:1-11
    35 | D:1      | HP: 2/12 [frilled lizard (3)]
    36 | D:1      | Slain by a frilled lizard

Levels and vault maps discovered:
D:1:      scummos_arrival_simple_crosswalls, layout_basic, minmay_lizard_pond

Action                     || total
---------------------------++-------
   Fire: Shortbow          ||    19
 Armour: Leather armour    ||     9
  Dodge: Dodged            ||    23

Table legend:
 A = Non-vault XP
 B = Vault XP
 C = Vault XP percentage of total XP
 D = Non-vault monster count
 E = Vault monster count
 F = Vault count percentage of total count
                 A         B        C        D         E       F
            +---------+---------+-------+---------+---------+-------
      Total |       2 |       7 |  77.8 |       1 |       7 |  87.5
            +---------+---------+-------+---------+---------+-------
        D:1 |       2 |       7 |  77.8 |       1 |       7 |  87.5
            +---------+---------+-------+---------+---------+-------
